 Dungeon Crawl Stone Soup version 0.31-a0-845-g9abc20d24f (webtiles) character file.

Game seed: 11097154542297576472

4047 Dirtsage the Cleaver (level 10, -11/123 (124) HPs)
             Began as a Minotaur Fighter on Oct 3, 2023.
             Was a Priest of Zin.
             Killed from afar by a steam dragon (14 damage)
             ... with a ball of steam
             ... on level 10 of the Dungeon.
             The game lasted 00:11:43 (7755 turns).

Dirtsage the Cleaver (Minotaur Fighter)             Turns: 7755, Time: 00:11:43

HP:   -11/123 (124) AC: 25    Str: 30    XL:     10   Next: 4%
MP:   13/13         EV:  2    Int:  7    God:    Zin [***...]
Gold: 330           SH:  5    Dex:  9    Spells: 9/9 levels left

rFire   . . .        a - +1 war axe
rCold   . . .        c - +0 buckler
rNeg    . . .        b - melded +0 scale mail
rPois   +            (helmet currently unavailable)
rElec   .            C - melded +2 cloak
rCorr   .            (gloves currently unavailable)
SInv    .            i - melded +0 pair of boots
Will    .....        (no amulet) Stlth
                     f - +6 ring of strength
HPRegen 0.40/turn    (no ring)
MPRegen 0.13/turn

%: no passive effects
@: tree-form, silenced, lightly drained
A: stationary, stasis, torment immunity, boosted hp, (horns 2), (retaliatory
headbutt)
a: Renounce Religion


You were on level 10 of the Dungeon.
You worshipped Zin.
Zin was most pleased with you.
You were a tree.
You visited 2 branches of the dungeon, and saw 11 of its levels.

You collected 366 gold pieces.
You donated 36 gold pieces to Zin.

Inventory:

Hand Weapons
 a - a +1 war axe (weapon)
Armour
 b - a +0 scale mail (melded)
 c - a +0 buckler (worn)
 i - a +0 pair of boots (melded)
 C - a +2 cloak (melded)
Magical Staves
 E - a staff of poison
Jewellery
 f - a +6 ring of strength (left branch)
 g - a ring of fire
 u - an amulet of magic regeneration
Wands
 o - a wand of flame (15)
 p - a wand of acid (7)
 q - a wand of iceblast (13)
 v - a wand of paralysis (10)
Scrolls
 k - a scroll of enchant weapon
 r - 9 scrolls of identify {unknown}
 w - a scroll of acquirement {unknown}
 x - a scroll of vulnerability {unknown}
 y - a scroll of fog {unknown}
 B - a scroll of blinking
 D - a scroll of teleportation {unknown}
Potions
 d - 2 potions of might
 e - a potion of invisibility {unknown}
 h - a potion of berserk rage {unknown}
 j - a potion of lignification
 l - a potion of attraction {unknown}
 n - 2 potions of magic
 s - a potion of cancellation {unknown}
 t - a potion of heal wounds {unknown}
 z - 2 potions of mutation {unknown}
 A - a potion of brilliance {unknown}


   Skills:
 + Level 6.0 Fighting
 * Level 12.6 Axes
 + Level 6.1 Armour
 + Level 4.2 Dodging
 + Level 5.9 Shields
 * Level 5.6 Invocations


You had 9 spell levels left.
You didn't know any spells.
Your spell library contained the following spells:

 Spells                   Type           Power      Damage    Failure   Level
 Blink                    Tloc           0%         N/A       63%         2
 Lesser Beckoning         Tloc           0%         N/A       63%         2
 Momentum Strike          Conj/Tloc      0%         3d8       63%         2
 Inner Flame              Hex/Fire       0%         N/A       85%         3
 Yara's Violent Unravell  Hex/Tmut       0%         3d3       100%        5
 Enfeeble                 Hex            0%         N/A       100%        7


Dungeon Overview and Level Annotations

Branches:
Dungeon (10/15)            Temple (1/1) D:4            Lair (0/5) D:8
    Orc: D:9-12

Altars:
Cheibriados
Elyvilon
Fedhas
Gozag
Kikubaaqudgha
Makhleb
Nemelex Xobeh
Ru
Sif Muna
Trog
Vehumet
Wu Jian
Xom
Zin
The Shining One

Shops:
D:1 :


Innate Abilities, Weirdness & Mutations

You are a tree.
Your roots penetrate the ground, keeping you stationary.
You cannot be teleported.
You are immune to unholy pain and torment.
Your maximum health is greatly increased.
Your equipment is partially melded.
((You have a pair of horns on your head.))
((You reflexively headbutt those who attack you in melee.))


Message History

Things that are here:
a +1 dire flail of freezing; a +0 robe A steam dragon comes into view.
The steam dragon hisses angrily.
The two-headed ogre shouts in stereo!
Things that are here:
a +1 dire flail of freezing; a +0 robe
There is a stone staircase leading up here.
As you read the scroll labelled ITONAU INLIE, it crumbles to dust.
A profound silence engulfs you.
It was a scroll of silence.
The steam dragon breathes steam at you. The ball of steam hits you!
Zin protects you from harm!
Magic scrolls do not work when you're silenced!
Okay, then.
Okay, then.
It was a potion of lignification.
You turn into a tree.
Your +2 cloak melds into your body.
Your +0 pair of boots melds into your body.
Your +0 scale mail melds into your body.
Your roots penetrate the ground.
Zin forgives your inadvertent chaotic act, just this once.
You now have 12/123 hp.
You closely miss the two-headed ogre.
You are engulfed in a cloud of scalding steam.
* * * LOW HITPOINT WARNING * * *
You block the two-headed ogre's attack.
The two-headed ogre hits you but does no damage.
You take 6 damage, and have 6/123 hp.
You hit the two-headed ogre.
The two-headed ogre is lightly wounded.
You slash the two-headed ogre!
The two-headed ogre is moderately wounded.
You are engulfed in a cloud of scalding steam.
The two-headed ogre hits you with a +0 giant spiked club.
* * * LOW HITPOINT WARNING * * *
You block the two-headed ogre's attack. The steam dragon breathes steam at you.
The ball of steam hits you!
You die...

......}....#
#..........#
#.§.....§.#
#.§.......#
#....§....#
##....D....#
#.....§§...#
.......§...#
.......♣...#
#######O...+
#....#
#....#
#....#
#....#
#....#
#....#


You could see a two-headed ogre and a steam dragon (unsilenced, catching
breath).

Vanquished Creatures
  A hornet (D:8)
  Eustachio (D:5)
  2 wyverns
  A steam dragon (D:7)
  2 water moccasins
  2 orc warriors (D:9)
  3 sky beasts
  A black bear (D:6)
  An ogre (D:5)
  A centaur (D:5)
  2 phantoms (D:4)
  A kobold brigand (D:9)
  4 scorpions
  8 wights
  A water moccasin zombie (D:4)
  6 killer bees (D:7)
  6 howler monkeys
  2 sleepcaps
  A jelly (D:5)
  Crazy Yiuf (D:7)
  4 orc priests
  2 hounds
  An iguana (D:5)
  Ijyb (D:5)
  8 orc wizards
  2 hound zombies (D:4)
  Robin (D:3)
  6 gnolls
  8 adders
  2 shadow imps
  4 white imps
  An adder zombie (D:4)
  An adder skeleton (D:4)
  2 worms
  4 dart slugs (D:1)
  36 orcs
  4 ball pythons
  4 endoplasms
  8 giant cockroaches
  20 goblins
  17 hobgoblins
  6 jackals
  5 quokkas
  6 bats
  7 frilled lizards
  3 kobolds
  8 rats
218 creatures vanquished.

Notes
Turn   | Place    | Note
-------+----------+-------------------------------------------
     0 | D:1      | Dirtsage the Minotaur Fighter began the quest for the Orb.
     0 | D:1      | Reached XP level 1. HP: 19/19 MP: 0/0
    30 | D:1      | Reached skill level 3 in Axes
    54 | D:1      | Reached XP level 2. HP: 26/26 MP: 1/1
    99 | D:1      | Reached skill level 4 in Axes
   203 | D:1      | Reached XP level 3. HP: 31/31 MP: 2/2
   535 | D:1      | Reached skill level 5 in Axes
   536 | D:1      | Found Imawn's Book Boutique.
   828 | D:2      | Reached XP level 4. HP: 36/39 MP: 3/3
  1304 | D:2      | Reached skill level 6 in Axes
  1491 | D:3      | Reached XP level 5. HP: 45/45 MP: 4/4
  1574 | D:3      | Noticed Robin
  1587 | D:3      | Killed Robin
  1588 | D:3      | Reached skill level 7 in Axes
  2320 | D:4      | HP: 2/45 [orc/+0 mace (1)]
  2321 | D:4      | Reached XP level 6. HP: 2/51 MP: 5/5
  2379 | D:4      | Reached skill level 8 in Axes
  2598 | D:4      | Reached skill level 9 in Axes
  2729 | D:4      | Reached XP level 7. HP: 57/57 MP: 6/6
  2830 | D:4      | Found a staircase to the Ecumenical Temple.
  2839 | Temple   | Entered the Ecumenical Temple
  2911 | Temple   | Became a worshipper of Zin the Law-Giver
  2911 | Temple   | Reached * piety under Zin
  3055 | D:5      | Entered Level 5 of the Dungeon
  3135 | D:5      | Reached skill level 10 in Axes
  3187 | D:5      | Noticed Eustachio
  3205 | D:5      | Killed Eustachio
  3626 | D:5      | Reached skill level 1 in Invocations
  3628 | D:5      | Reached XP level 8. HP: 57/66 MP: 7/7
  3674 | D:5      | Noticed Ijyb
  3683 | D:5      | Paralysed by Ijyb for 5 turns
  3689 | D:5      | Killed Ijyb
  3700 | D:5      | Reached skill level 11 in Axes
  3700 | D:5      | Reached skill level 1 in Dodging
  4479 | D:6      | Found a snail-covered altar of Cheibriados.
  5175 | D:6      | Reached ** piety under Zin
  5226 | D:7      | Found a white marble altar of Elyvilon.
  5256 | D:7      | Reached XP level 9. HP: 55/73 MP: 10/10
  5263 | D:7      | Reached skill level 5 in Armour
  5398 | D:7      | Reached skill level 5 in Fighting
  5453 | D:7      | Found a radiant altar of Vehumet.
  5470 | D:7      | Reached skill level 5 in Shields
  5581 | D:7      | Reached skill level 12 in Axes
  5848 | D:7      | Found a runed translucent door.
  5849 | D:7      | Noticed Crazy Yiuf
  5856 | D:7      | Killed Crazy Yiuf
  6116 | D:7      | Found a glowing golden altar of the Shining One.
  6185 | D:8      | Found a staircase to the Lair.
  6848 | D:8      | Found an opulent altar of Gozag.
  6966 | D:8      | Reached skill level 5 in Invocations
  7531 | D:9      | Reached *** piety under Zin
  7734 | D:9      | Reached XP level 10. HP: 21/81 MP: 13/13
  7743 | D:10     | Entered Level 10 of the Dungeon
  7746 | D:10     | Noticed a two-headed ogre
  7751 | D:10     | Zin protects you from harm!
  7753 | D:10     | HP: 6/123 [something] (6)]
  7755 | D:10     | Killed from afar by a steam dragon

Illustrated notes

Levels and vault maps discovered:
D:1:      dpeg_arrival_prison, layout_basic, serial_shops,
          nicolae_shop_rolling_square, st_stairs_1, minmay_box_of_dots
D:2:      layout_basic, kennysheep_boxes
D:3:      layout_basic, uniq_robin
D:4:      layout_rooms, minmay_temple_entry_mist, serial_undead,
          serial_undead_e, serial_undead_b, serial_undead_e, serial_undead_e,
          serial_undead_f, serial_undead_a
D:5:      layout_layer_cave, wad_floor_pattern_2, uniq_ijyb, uniq_eustachio
D:6:      layout_loops_cross, overflow_temple_1_default
D:7:      layout_rooms, nicolae_tso_swordbearing_angel, lemuel_crystal_altar,
          nicolae_vehumet_radiance, uniq_crazy_yiuf_cottage
D:8:      layout_basic, nicolae_overflow_hidden_temple, dpeg_oklobed_lair
D:9:      layout_loops_ring, kennysheep_little_box, erik_orc_1
D:10:     layout_gridville, gammafunk_temple_overflow_pools
Temple:   zaba_magenta_temple

Skill      XL: |  1  2  3  4  5  6  7  8  9 |
---------------+----------------------------+-----
Axes           | 3 4 5 6 7 9 10 11 12 | 12.6
Invocations    | 1 3 5 |  5.6
Dodging        | 2 4 |  4.2
Armour         | 4 6 |  6.1
Fighting       | 4 6 |  6.0
Shields        | 4 5 |  5.9

Action                     |  1- 3 |  4- 6 |  7- 9 | 10-12 || total
---------------------------+-------+-------+-------+-------++-------
  Melee: War axe           |    83 |   129 |   299 |     8 ||   519
         Headbutt          |     7 |    26 |    40 |       ||    73
 Invoke: Recite            |       |       |     5 |       ||     5
         Vitalisation      |       |       |     2 |       ||     2
  Evoke: Wand              |       |       |     2 |       ||     2
    Use: Potion            |       |     3 |       |     1 ||     4
         Scroll            |       |       |     2 |     1 ||     3
 Armour: Scale mail        |    62 |   115 |   216 |     3 ||   396
         Skin              |       |       |       |     5 ||     5
  Dodge: Dodged            |    41 |    54 |   129 |     5 ||   229
  Block: Buckler           |    15 |    28 |    62 |     2 ||   107

Table legend: (Time is in decaauts)
 A = Elapsed time spent in this place.
 B = Non-inter-level travel time spent in this place.
 C = Inter-level travel time spent in this place.
 D = Time resting spent in this place.
 E = Time spent auto-exploring this place.
 F = Levels seen in this place.
 G = Mean time per level.
                   A        B        C        D        E       F      G
               +--------+--------+--------+--------+--------+-----+--------+
         Total |   7784 |   7538 |    246 |    285 |   6118 |  11 |  707.6 |
       Dungeon |   7694 |   7480 |    214 |    285 |   6118 |  10 |  769.4 |
        Temple |     89 |     57 |     32 |      0 |      0 |   1 |   89.0 |
               +--------+--------+--------+--------+--------+-----+--------+

Top non-repeatable levels by time:
     D:5: 1402 daAuts
     D:8: 1077 daAuts
     D:7: 951 daAuts
     D:3: 883 daAuts
     D:1: 808 daAuts
     D:6: 765 daAuts
     D:4: 681 daAuts
     D:2: 641 daAuts
     D:9: 472 daAuts
  Temple: 89 daAuts
    D:10: 11 daAuts
